 Dungeon Crawl Stone Soup version 0.28.0-53-g5a82cb258f (webtiles) character file.

Game seed: 9097618106220690952

8 Qrupt the Stinger (level 2, 0/17 HPs)
             Began as an Octopode Venom Mage on July 24, 2022.
             Frozen to death by an endoplasm (5 damage)
             ... on level 1 of the Dungeon.
             The game lasted 00:00:49 (122 turns).

Qrupt the Stinger (Octopode Venom Mage)              Turns: 122, Time: 00:00:50

Health: 0/17       AC:  1    Str:  7    XL:     2   Next: 8%
Magic:  4/5        EV: 13    Int: 17    God:
Gold:   14         SH:  0    Dex: 12    Spells: 4/5 levels left

rFire   . . .      SeeInvis .   c - +2 short sword (vamp)
rCold   . . .      Faith    .   (no shield)
rNeg    . . .      Spirit   .   (helmet restricted)
rPois   .          Reflect  .   (no amulet)
rElec   .          Harm     .   (no ring)
rCorr   .          Rampage  .   (no ring)
Will    .....                   (no ring)
Stlth   +++.......              (no ring)
HPRegen 0.05/turn               (no ring)
MPRegen 0.09/turn               (no ring)
                                (no ring)
                                (no ring)

@: no status effects
A: almost no armour, amphibious, 8 rings, camouflage 1, gelatinous body 1,
(nimble swimmer 1), tentacles
a: no special abilities


You were on level 1 of the Dungeon.
You visited 1 branch of the dungeon, and saw 1 of its levels.

You collected 14 gold pieces.

Inventory:

Hand Weapons
 b - a +0 short sword
 c - a +2 vampiric short sword (weapon)
Potions
 a - a potion of flight {unknown}


   Skills:
 + Level 2.1 Dodging
 + Level 3.0 Stealth
 + Level 2.1 Spellcasting
 + Level 1.2 Transmutations
 + Level 3.7 Poison Magic


You had 4 spell levels left.
You knew the following spells:

 Your Spells              Type           Power      Damage    Failure   Level
a - Sting                 Tmut/Pois      40%        1d5       7%          1

Your spell library contained the following spells:

 Spells                   Type           Power      Damage    Failure   Level
 Poisonous Vapours        Pois/Air       16%        N/A       13%         2
 Mephitic Cloud           Conj/Pois/Air  6%         N/A       34%         3
 Olgreb's Toxic Radiance  Pois           14%        N/A       38%         4


Dungeon Overview and Level Annotations

Branches:
Dungeon (1/15)

Altars:


Innate Abilities, Weirdness & Mutations

You cannot wear most types of armour.
You are amphibious.
You can wear up to eight rings at the same time.
Your skin changes colour to match your surroundings (Stealth+).
Your rubbery body absorbs attacks. (AC +1, EV +1)
((You are camouflaged when in or above water. (Stealth+)))
You have tentacles for arms and can constrict up to eight enemies at once.


Message History

The kobold hits you with a +2 vampiric short sword.
* * * LOW HITPOINT WARNING * * *
You see here a giant cockroach corpse.
Casting: Sting (safe; 7% risk of failure)
Confirm with . or Enter, or press ? or * to list all spells.
Aiming: Sting (safe; 7% risk of failure)
Press: ? - help, Shift-Dir - straight line, f - kobold
Aim: a kobold, wielding a +2 vampiric short sword (64% to hit)
The sting hits the kobold.
The kobold is poisoned.
The kobold is moderately wounded.
You kill the kobold!
Your Stealth skill increases to level 3!
Things that are here:
a +2 vampiric short sword; a kobold corpse
c - a +2 vampiric short sword You feel a sense of dread.
c - a +2 vampiric short sword (weapon)
An endoplasm comes into view.
An endoplasm is nearby!
You are too injured to fight recklessly!
You see here a kobold corpse.
You see here a giant cockroach corpse.
The endoplasm quivers.
Casting: Sting (safe; 7% risk of failure)
Confirm with . or Enter, or press ? or * to list all spells.
You can't see any susceptible monsters within range! (Use Z to cast anyway.)
A dart slug comes into view.
Casting: Sting (safe; 7% risk of failure)
Confirm with . or Enter, or press ? or * to list all spells.
Aiming: Sting (safe; 7% risk of failure)
Press: ? - help, Shift-Dir - straight line, f - endoplasm
Aim: an endoplasm (98% to hit)
The sting hits the endoplasm.
The endoplasm partially resists.
The endoplasm is poisoned.
The endoplasm is heavily wounded.
You barely miss the endoplasm.
The endoplasm is almost dead.
The endoplasm freezes you.
You are frozen.
You die...

#w# ..# #.# #.# #.#
#.# #.# #######.##
#.....#@.+
#.#<#.#J## #.....#.#
. #...).#†# ..
###'###†#######...
#.....#......... ##
#####.'........#
...#### #.#......J#
.......###.##.###..#


You could see an endoplasm (poisoned).

Vanquished Creatures
  An endoplasm (D:1)
  A giant cockroach (D:1)
  A hobgoblin (D:1)
  2 kobolds (D:1)
  A quokka (D:1)
  A frilled lizard (D:1)
7 creatures vanquished.

Notes
Turn   | Place    | Note
-------+----------+-------------------------------------------
     0 | D:1      | Qrupt the Octopode Venom Mage began the quest for the Orb.
     0 | D:1      | Reached XP level 1. HP: 11/11 MP: 3/3
    59 | D:1      | Reached XP level 2. HP: 12/17 MP: 0/5
   122 | D:1      | Frozen to death by an endoplasm

Illustrated notes

Levels and vault maps discovered:
D:1:      dpeg_arrival_renting, layout_rooms, serial_shops, nicolae_square_shop,
          shapermc_ecumenical_altar_venn

Skill      XL: |  1  2 |
---------------+-------+-----
Stealth        | 3 |  3.0
Dodging        | |  2.1
Spellcasting   | |  2.1
Transmutations | |  1.2
Poison Magic   | |  3.7

Action                   || total
-------------------------++-------
Melee: Short sword       ||    10
       Unarmed           ||     1
       Constrict         ||     1
       Tentacles         ||     1
 Cast: Sting             ||     7
Armor: Skin              ||     1
Dodge: Dodged            ||     6
